 Dungeon Crawl Stone Soup version 0.32-a0-876-gcfddb08e57 (webtiles) character file.

Game seed: 5912831921072446496

1266 smashvw the Thaumaturge (level 8, -3/50 HPs)
             Began as a Djinni Fire Elementalist on Apr 1, 2024.
             Was an Initiate of Makhleb.
             Slain by a lemure (9 damage)
             ... led by Pikel
             ... on level 6 of the Dungeon.
             The game lasted 00:11:33 (5327 turns).

smashvw the Thaumaturge (Djinni Fire Elementalist)  Turns: 5327, Time: 00:11:34

Health: -3/50      AC:  2    Str:  7    XL:     8   Next: 82%
Gold:   253        EV: 11    Int: 23    God:    Makhleb [......] SH:  0 Dex: 14

rFire   + + .        t - +0 short sword "Pytiroemua" {drain, Int+4}
rCold   x . .        (no shield)
rNeg    . . .        a - +0 robe
rPois   ∞            (no helmet)
rElec   .            (no cloak)
rCorr   .            (no gloves)
SInv    .            (boots unavailable)
Will    .....        (no amulet)
Stlth   ++           (no ring)
HPRegen 0.28/turn    (no ring)
MPRegen 0.00/turn

%: infuse magic (-4 HP)
@: flying
A: sickness immunity, fire resistance 2, cold vulnerability 1, float, innate
caster, HP casting, extra vitality 1
a: Renounce Religion


You were on level 6 of the Dungeon.
You worshipped Makhleb.
Makhleb was noncommittal.
You visited 1 branch of the dungeon, and saw 6 of its levels.
You also visited: Sewer.

You collected 253 gold pieces.

Inventory:

Hand Weapons
 t - the +0 short sword "Pytiroemua" (weapon) {drain, Int+4}
   (You found it on level 3 of the Dungeon)

   Int+4:     It affects your intelligence (+4).
Armour
 a - a +0 robe (worn)
Magical Staves
 k - a staff of earth
Wands
 w - a wand of warping (12)
Scrolls
 b - 2 scrolls of blinking {unknown}
 e - 2 scrolls of teleportation {unknown}
 f - a scroll of noise {unknown}
 h - 3 scrolls of identify {unknown}
 i - a scroll of poison {unknown}
 n - a scroll of immolation {unknown}
 o - a scroll of acquirement {unknown}
 q - a scroll of butterflies {unknown}
 s - a scroll of fog {unknown}
 v - a scroll of brand weapon {unknown}
 x - a scroll of vulnerability {unknown}
 y - a scroll of enchant armour {unknown}
Potions
 c - 6 potions of haste {unknown}
 d - 2 potions of degeneration {unknown}
 g - 3 potions of brilliance {unknown}
 j - a potion of magic {unknown}
 l - 4 potions of cancellation {unknown}
 m - 2 potions of curing {unknown}
 p - 2 potions of heal wounds {unknown}
 r - 2 potions of might {unknown}
 u - 2 potions of mutation {unknown}


   Skills:
 - Level 2.1 Dodging
 - Level 1.5 Stealth
 + Level 8.5 Spellcasting
 + Level 8.5 Conjurations
 + Level 8.5 Hexes
 + Level 8.5 Summonings
 + Level 8.5 Necromancy
 + Level 8.5 Translocations
 + Level 8.5 Fire Magic
 + Level 8.5 Ice Magic
 + Level 8.5 Air Magic
 + Level 8.5 Earth Magic
 + Level 8.5 Alchemy


You knew the following spells:

 Your Spells              Type           Power      Damage    Failure   Level
a - Foxfire               Conj/Fire      100%       2x1d9     1%          1
b - Scorch                Fire           96%        2d9       1%          2
c - Volatile Blastmotes   Fire/Tloc      96%        2d18      1%          3
d - Inner Flame           Hex/Fire       48%        N/A       1%          3
e - Flame Wave            Conj/Fire      48%        2d12      1%          4
f - Sting                 Conj/Alch      100%       1d9       1%          1
g - Blink                 Tloc           96%        N/A       1%          2
h - Passwall              Erth           48%        N/A       1%          3
Your spell library was empty.

Dungeon Overview and Level Annotations

Branches:
Dungeon (6/15)              Sewer (visited)
 Temple: D:4-7

Altars:
Makhleb
Ru

Shops:
D:5 !

Annotations:
D:1 1 transporter


Innate Abilities, Weirdness & Mutations

You are immune to sickness and miasma.
You are immune to poison.
Your flesh is very heat resistant. (rF++)
You are vulnerable to cold. (rC-)
You float through the air rather than walking.
You learn spells naturally, not from books.
Your magical power is your life essence.
You have superior vitality. (+4 MHP)


Message History

You conjure some foxfire!
The foxfire hits the lemure but does no damage.
The lemure is almost dead.
The foxfire hits the lemure.
You kill the lemure!
That felt strangely unrewarding.
The lemure barely misses you. The lemure hits you.
You conjure some foxfire!
The foxfire hits the lemure.
The lemure is moderately wounded.
The foxfire hits the lemure.
The lemure is moderately wounded.
The lemure hits you! The lemure hits you but does no damage.
You conjure some foxfire!
The foxfire hits the lemure but does no damage.
The lemure is moderately wounded.
The foxfire hits the lemure.
The lemure is moderately wounded.
The lemure closely misses you. The lemure hits you.
You are too injured to fight recklessly!
You are too injured to fight recklessly!
Casting: Foxfire (safe; 1% risk of failure)
Confirm with . or Enter, or press ? or * to list all spells.
You blink.
The foxfire hits the lemure!
The lemure is severely wounded.
The foxfire hits the lemure but does no damage.
The lemure is moderately wounded.
Casting: Blink (safe; 1% risk of failure)
Confirm with . or Enter, or press ? or * to list all spells.
A cloud of volatile blastmotes flares up around you!
Run!
You feel ready to blink again. The lemure barely misses you.
Casting: Volatile Blastmotes (safe; 1% risk of failure)
Confirm with . or Enter, or press ? or * to list all spells.
A cloud of volatile blastmotes flares up around you!
Run!
The lemure hits you.
* * * LOW HITPOINT WARNING * * *
The lemure hits you!
* * * LOW HITPOINT WARNING * * *
The lemure attacks as it pursues you! The lemure hits you!
You die...

#.........#..........#.#+
######'####........###.#.
.#.######.# #........#
#.'. ..55....#.#
#........# #.'.
##'#'####........###.'.
#.....§##............#.
#......##............#'
#....55##.....[..#####.
#.....@##........#####.
#......##...<........#.
#......##........######
#......................
#.......######.#.#####.
#.......# #.........
+.......# ##########
#.......#


You could see 2 lemures.

Vanquished Creatures
  Menkaure (D:6)
  Edmund (D:5)
  A water moccasin (D:5)
  A black bear (D:5)
  A phantom (D:5)
  A lemure (D:6)
  A kobold brigand (Sewer)
  2 brain worms (Sewer)
  A scorpion (D:5)
  A bombardier beetle (D:4)
  A jelly (D:5)
  A hound (D:4)
  A sleepcap (D:5)
  Ijyb (D:5)
  5 iguanas
  An orc wizard (D:4)
  A gnoll (D:1)
  3 river rats (Sewer)
  8 adders
  A white imp (D:5)
  2 dart slugs
  2 ribbon worms
  7 orcs
  9 endoplasms
  A giant cockroach (D:2)
  4 goblins
  5 hobgoblins
  2 jackals (Sewer)
  11 kobolds
  3 quokkas (D:1)
  14 ball pythons
  3 bats
  3 frilled lizards
  9 rats
109 creatures vanquished.

Vanquished Creatures (collateral kills)
  24 foxfires (Sewer)
24 creatures vanquished.

Vanquished Creatures (others)
  549 foxfires
549 creatures vanquished.

Grand Total: 682 creatures vanquished

Notes
Turn   | Place    | Note
-------+----------+-------------------------------------------
     0 | D:1      | smashvw the Djinni Fire Elementalist began the quest for
                  | the Orb.
     0 | D:1      | smashvw set off with the following spells memorised:
                  | Foxfire, Scorch, Volatile Blastmotes, Inner Flame, Flame
                  | Wave.
     0 | D:1      | Reached XP level 1. HP: 15/15 MP: 0/0
    68 | D:1      | Reached XP level 2. HP: 12/21 MP: 0/0
   269 | D:1      | Reached XP level 3. HP: 21/25 MP: 0/0
   269 | D:1      | Learned a level 1 spell: Sting
  1168 | D:2      | Reached XP level 4. HP: 14/31 MP: 0/0
  1731 | D:2      | Reached XP level 5. HP: 26/35 MP: 0/0
  1731 | D:2      | Learned a level 2 spell: Blink
  1905 | D:3      | Found a glowing drain.
  1922 | Sewer    | Entered a sewer
  2056 | Sewer    | Reached skill level 5 in Spellcasting
  2056 | Sewer    | Reached skill level 5 in Conjurations
  2056 | Sewer    | Reached skill level 5 in Hexes
  2056 | Sewer    | Reached skill level 5 in Summonings
  2056 | Sewer    | Reached skill level 5 in Necromancy
  2056 | Sewer    | Reached skill level 5 in Translocations
  2056 | Sewer    | Reached skill level 5 in Fire Magic
  2056 | Sewer    | Reached skill level 5 in Ice Magic
  2056 | Sewer    | Reached skill level 5 in Air Magic
  2056 | Sewer    | Reached skill level 5 in Earth Magic
  2056 | Sewer    | Reached skill level 5 in Alchemy
  2116 | Sewer    | Noticed a kobold brigand
  2129 | Sewer    | Killed a kobold brigand
  2130 | Sewer    | Reached XP level 6. HP: 25/40 MP: 0/0
  2364 | Sewer    | Reached XP level 7. HP: 33/45 MP: 0/0
  2364 | Sewer    | Learned a level 3 spell: Passwall
  2736 | D:3      | Identified the +0 short sword "Pytiroemua" {drain, Int+4}
  3747 | D:4      | Found a sacrificial altar of Ru.
  3747 | D:4      | Found a burning altar of Makhleb.
  3790 | D:4      | Became a worshipper of Makhleb the Destroyer
  4167 | D:5      | Entered Level 5 of the Dungeon
  4266 | D:5      | Noticed Ijyb
  4271 | D:5      | Killed Ijyb
  4272 | D:5      | Reached XP level 8. HP: 44/50 MP: 0/0
  4322 | D:5      | Found Nykuyfuh's Distillery.
  4328 | D:5      | Noticed Edmund
  4336 | D:5      | Killed Edmund
  5193 | D:6      | Noticed Menkaure
  5199 | D:6      | Killed Menkaure
  5327 | D:6      | Slain by a lemure

Illustrated notes

Levels and vault maps discovered:
D:1:      spicycebolla_arrival_risky_transporter, layout_loops_ring,
          nicolae_grassy_gnolls
D:2:      layout_basic
D:3:      layout_rooms, cheibrodos_sewer_entry_drain
D:4:      layout_layer_cave, gammafunk_temple_overflow_pools
D:5:      layout_loops_ring, serial_shops, shop, uniq_edmund, uniq_ijyb
D:6:      layout_basic, mainiacjoe_overflow_big_doors, minivault_25,
          hangedman_decor_slide_cut, corexii_corridor_pit, uniq_menkaure,
          uniq_pikel, uniq_duvessa

Skill      XL: |  1  2  3  4  5  6  7  8 |
---------------+-------------------------+-----
Spellcasting   | 4 5 6 7 8 |  8.5
Conjurations   | 4 5 6 7 8 |  8.5
Hexes          | 4 5 6 7 8 |  8.5
Summonings     | 4 5 6 7 8 |  8.5
Necromancy     | 4 5 6 7 8 |  8.5
Translocations | 4 5 6 7 8 |  8.5
Fire Magic     | 4 5 6 7 8 |  8.5
Ice Magic      | 4 5 6 7 8 |  8.5
Air Magic      | 4 5 6 7 8 |  8.5
Earth Magic    | 4 5 6 7 8 |  8.5
Alchemy        | 4 5 6 7 8 |  8.5
Dodging        | |  2.1
Stealth        | |  1.5

Action                     |  1- 3 |  4- 6 |  7- 9 || total
---------------------------+-------+-------+-------++-------
  Melee: Unarmed           |       |       |     4 ||     4
   Cast: Foxfire           |    65 |   132 |   122 ||   319
         Scorch            |     6 |    10 |    17 ||    33
         Sting             |     3 |     1 |    10 ||    14
         Inner Flame       |     2 |       |     3 ||     5
         Volatile Blastmot |       |     1 |     4 ||     5
         Blink             |       |       |     1 ||     1
         Flame Wave        |       |       |     1 ||     1
 Armour: Robe              |     3 |     9 |    17 ||    29
  Dodge: Dodged            |     4 |     7 |    10 ||    21

Table legend: (Time is in decaauts)
 A = Elapsed time spent in this place.
 B = Non-inter-level travel time spent in this place.
 C = Inter-level travel time spent in this place.
 D = Time resting spent in this place.
 E = Time spent auto-exploring this place.
 F = Levels seen in this place.
 G = Mean time per level.
                   A        B        C        D        E       F      G
               +--------+--------+--------+--------+--------+-----+--------+
         Total |   5325 |   5223 |    102 |    225 |   4295 |   7 |  760.7 |
       Dungeon |   4518 |   4416 |    102 |    126 |   3717 |   6 |  753.0 |
         Sewer |    807 |    807 |      0 |     99 |    578 |   1 |  807.0 |
               +--------+--------+--------+--------+--------+-----+--------+

Top non-repeatable levels by time:
     D:4: 1172 daAuts
     D:1: 1063 daAuts
     D:5: 895 daAuts
   Sewer: 807 daAuts
     D:2: 734 daAuts
     D:3: 516 daAuts
     D:6: 136 daAuts
